 Dungeon Crawl Stone Soup version 0.28.0-45-g0d030f2227 (webtiles) character file.

Game seed: 17385189038839274737

32 ImHallYall the Skirmisher (level 3, 0/31 HPs)
             Began as a Ghoul Fighter on Apr 7, 2022.
             Slain by a goblin
             ... wielding a +0 dagger
             ... led by Robin
              (1 damage)
             ... on level 3 of the Dungeon.
             The game lasted 00:03:33 (1334 turns).

ImHallYall the Skirmisher (Ghoul Fighter)           Turns: 1334, Time: 00:03:34

Health: 0/31       AC:  8    Str: 21    XL:     3   Next: 27%
Magic:  2/2        EV:  9    Int:  3    God:
Gold:   57         SH:  4    Dex:  8    Spells: 2/2 levels left

rFire   . . .      SeeInvis .   a - +0 long sword
rCold   + . .      Faith    .   c - +0 buckler
rNeg    + + +      Spirit   .   b - +0 scale mail
rPois   ∞          Reflect  .   (no helmet)
rElec   .          Harm     .   i - +0 cloak
rCorr   .          Rampage  .   (no gloves)
Will    .....                   (no boots)
Stlth   ..........              (no amulet)
HPRegen 0.00/turn               (no ring)
MPRegen 0.08/turn               (no ring)

@: inhibited regen
A: claws 1, cold resistance 1, negative energy resistance 3, inhibited
regeneration, torment resistance 2
a: no special abilities


You were on level 3 of the Dungeon.
You visited 1 branch of the dungeon, and saw 3 of its levels.

You collected 57 gold pieces.

Inventory:

Hand Weapons
 a - a +0 long sword (weapon)
 l - a +1 dagger of venom
Missiles
 g - 2 silver boomerangs (quivered)
Armour
 b - a +0 scale mail (worn)
 c - a +0 buckler (worn)
 i - a +0 cloak (worn)
Magical Staves
 j - a staff of cold
Scrolls
 k - a scroll of vulnerability {unknown}
Potions
 d - a potion of might
 e - a potion of curing {unknown}
 f - a potion of attraction {unknown}
 h - a potion of brilliance {unknown}
 m - a potion of ambrosia {unknown}


   Skills:
 + Level 3.4 Fighting
 + Level 2.1 Long Blades
 + Level 3.2 Armour
 + Level 0.4 Dodging
 + Level 3.0 Shields


You had 2 spell levels left.
You didn't know any spells.
Your spell library contained the following spells:

 Spells                   Type           Power      Damage    Failure   Level
 Magic Dart               Conj           0%         1d3       91%         1
 Call Imp                 Summ           0%         N/A       97%         2
 Frozen Ramparts          Ice            0%         1d2       100%        3
 Mephitic Cloud           Conj/Pois/Air  0%         N/A       100%        3
 Summon Ice Beast         Ice/Summ       0%         N/A       100%        4
 Ice Form                 Ice/Tmut       Unusable   N/A       N/A         4

Dungeon Overview and Level Annotations

Branches:
Dungeon (3/15)

Altars:

Annotations:
D:2 Robin


Innate Abilities, Weirdness & Mutations

You thrive by killing the living.
You are immune to poison.
You have sharp fingernails.
Your flesh is cold resistant. (rC+)
You are immune to negative energy. (rN+++)
You do not regenerate when monsters are visible.
You are immune to unholy pain and torment.


Message History

* * * LOW HITPOINT WARNING * * *
The goblin barely misses you.
The hobgoblin hits you but does no damage.
The goblin hits you but does no damage. The goblin hits you with a +0 club.
* * * LOW HITPOINT WARNING * * *
You slash the goblin!
You kill the goblin!
You feel better. The goblin hits you but does no damage.
The hobgoblin hits you.
* * * LOW HITPOINT WARNING * * *
The goblin hits you but does no damage. You block the goblin's attack.
The goblin barely misses you.
You hit the goblin.
You kill the goblin!
The hobgoblin hits you but does no damage.
The goblin hits you but does no damage. The goblin completely misses you.
The hobgoblin barely misses you. The goblin hits you with a +0 dagger.
* * * LOW HITPOINT WARNING * * *
The hobgoblin barely misses you. The goblin closely misses you.
Things that are here:
a +0 club; a goblin corpse You hit the hobgoblin.
You kill the hobgoblin!
The goblin hits you but does no damage. The goblin barely misses you.
You closely miss the goblin. The goblin completely misses you.
The goblin closely misses you. The goblin hits you but does no damage.
You barely miss the goblin. The goblin completely misses you.
The goblin closely misses you. x2
You barely miss the goblin. The goblin closely misses you.
The goblin hits you but does no damage.
You barely miss the goblin. The goblin hits you with a +0 dagger.
* * * LOW HITPOINT WARNING * * *
You block the goblin's attack. The goblin hits you with a +0 dagger.
* * * LOW HITPOINT WARNING * * *
You closely miss the goblin.
The goblin hits you but does no damage. x3
You hit the goblin.
You kill the goblin!
The goblin hits you with a +0 dagger.
You die...

## ### ..
#. ..###..
#. .......
#.#.......
.$.......
#).......
#)g......
#@!......
#.#######
#.# #.#
#+#


You could see a goblin.

Vanquished Creatures
  2 endoplasms (D:1)
  2 giant cockroaches
  9 goblins
  3 hobgoblins
  4 jackals (D:1)
  A kobold (D:1)
  A quokka (D:1)
  2 ball pythons
  A bat (D:2)
  2 rats
27 creatures vanquished.

Vanquished Creatures (others)
  17 plants (D:2)
17 creatures vanquished.

Grand Total: 44 creatures vanquished

Notes
Turn   | Place    | Note
-------+----------+-------------------------------------------
     0 | D:1      | ImHallYall the Ghoul Fighter began the quest for the Orb.
     0 | D:1      | Reached XP level 1. HP: 19/19 MP: 0/0
   371 | D:1      | Reached XP level 2. HP: 25/26 MP: 1/1
   931 | D:2      | Noticed Robin
  1015 | D:2      | Reached XP level 3. HP: 26/31 MP: 2/2
  1332 | D:3      | HP: 1/31 [goblin/+0 dagger[Robin] (2)]
  1334 | D:3      | Slain by a goblin

Illustrated notes

Levels and vault maps discovered:
D:1:      grunt_arrival_crossed_arrows, layout_loops_cross, chequers_garden,
          chequers_serial_rivers_small_b
D:2:      layout_loops_cross, serial_bayou, serial_bayou_lake_a,
          serial_bayou_pond_d, serial_bayou_pond_c, serial_bayou_pond_c,
          hellmonk_ecumenical_altar_run_dry, basic_altar, uniq_robin
D:3:      layout_basic, zin_treasury, uniq_terence

Skill      XL: |  1  2  3 |
---------------+----------+-----
Long Blades    | 2 |  2.1
Armour         | 3 |  3.2
Shields        | 3 |  3.0
Fighting       | |  3.4
Dodging        | |  0.4

Action                   || total
-------------------------++-------
Melee: Long sword        ||    88
Armor: Scale mail        ||    61
Dodge: Dodged            ||    73
Block: Buckler           ||    36
